 Dungeon Sprint DCSS version 0.27-a0-412-g8dd771eca2 (webtiles) character file.

Game seed: 17054093221653441664

106 Gaff the Skirmisher (level 4, -1/48 HPs)
             Began as a Minotaur Berserker on Feb 24, 2021.
             Was a Follower of Trog.
             Slain by Sigmund
             ... wielding a +0 scythe
              (12 damage)
             ... in the Dungeon (Sprint I: "Red Sonja").
             The game lasted 00:00:51 (82 turns).

Gaff the Skirmisher (Minotaur Berserker)              Turns: 82, Time: 00:00:51

Health: -1/48      AC:  3    Str: 23    XL:     4   Next: 55%
Magic:  3/3        EV: 12    Int:  4    God:    Trog [*.....]
Gold:   54         SH:  0    Dex:  9    Spells: 3/3 levels left

rFire    . . .     SeeInvis .   a - +0 spear
rCold    . . .     Faith    .   (no shield)
rNeg     . . .     Spirit   .   i - +0 leather armour
rPois    .         Reflect  .   (helmet restricted)
rElec    .         Harm     .   (no cloak)
rCorr    .         Rampage  .   (no gloves)
Will     .....     NoTele   +   (no boots)
Stlth    +.........             (no amulet)
HPRegen  0.16/turn              (no ring)
MPRegen  0.08/turn              (no ring)

@: berserk cooldown, slowed, very slow
A: retaliatory headbutt, horns 2
a: Renounce Religion, Berserk


You were in the Dungeon.
You worshipped Trog.
Trog was aware of your devotion.
You visited 1 branch You collected 54 gold pieces.

Inventory:

Hand Weapons
 a - a +0 spear (weapon)
Armour
 b - a +0 animal skin
 i - a +0 leather armour (worn)
Scrolls
 h - a scroll of blinking
Potions
 c - a potion of curing
 d - a potion of heal wounds
 e - a potion of haste
 f - 2 potions of magic
 g - a potion of berserk rage


   Skills:
 + Level 7.9 Fighting
 + Level 7.5 Polearms
 + Level 4.2 Armour
 + Level 3.8 Dodging
 + Level 0.1 Stealth


You had 3 spell levels left.
You didn't know any spells.
Your spell library was empty.

Dungeon Overview and Level Annotations

Branches:
Dungeon (1/1)

Altars:

Annotations:
D Sigmund


Innate Abilities, Weirdness & Mutations

You reflexively headbutt those who attack you in melee.
You have a pair of horns on your head.


Message History

You reach to attack!
You puncture Sigmund!
Sigmund is moderately wounded.
Sigmund gestures at you while chanting. The puff of flame hits you!
You are too injured to fight recklessly!
You are too injured to fight recklessly!
You are too injured to fight recklessly!
You are too injured to fight recklessly!
You are too injured to fight recklessly!
You are too injured to fight recklessly!
You are too injured to fight recklessly!
Sigmund misses you.
Reach: a) +0 spear
Press: ? - help, Dir - move target, f/p - Sigmund
Aim: Sigmund, wielding a +0 scythe and wearing a +0 robe (moderately wounded, about 39% to evade your +0 spear)
You reach to attack!
You hit Sigmund.
Sigmund is moderately wounded.
Sigmund hits you from afar with a +0 scythe!
* * * LOW HITPOINT WARNING * * *
Reach: a) +0 spear
Press: ? - help, Dir - move target, f/p - Sigmund
Aim: Sigmund, wielding a +0 scythe and wearing a +0 robe (moderately wounded, about 39% to evade your +0 spear)
You reach to attack!
You hit Sigmund but do no damage.
Sigmund is moderately wounded.
Sigmund barely misses you.
Reach: a) +0 spear
Press: ? - help, Dir - move target, f/p - Sigmund
Aim: Sigmund, wielding a +0 scythe and wearing a +0 robe (moderately wounded, about 39% to evade your +0 spear)
You reach to attack!
You hit Sigmund but do no damage.
Sigmund is moderately wounded.
Reach: a) +0 spear
Press: ? - help, Dir - move target, f/p - Sigmund
Aim: Sigmund, wielding a +0 scythe and wearing a +0 robe (moderately wounded, about 39% to evade your +0 spear)
You reach to attack!
You closely miss Sigmund.
Sigmund is moderately wounded.
Sigmund casts a spell at himself.
Sigmund flickers and vanishes!
Deactivating autopickup; reactivate with Ctrl-A.
You close the door.
Something unseen opens the door.
Something hits you!
You die...

#############
#<.#..').#..+
#..)..#..{..#
#..#####'#
#..# #@.#
#..# ####
#..# #⌠⌠#
####


There were no monsters in sight!

Vanquished Creatures
  An ogre (D)
  Ijyb (D)
2 creatures vanquished.

Notes
Turn   | Place    | Note
-------+----------+-------------------------------------------
     0 | D        | Gaff the Minotaur Berserker began the quest for the Orb.
     0 | D        | Reached XP level 1. HP: 19/19 MP: 0/0
     1 | D        | Noticed Ijyb
     9 | D        | Killed Ijyb
    10 | D        | Reached skill level 5 in Fighting
    10 | D        | Reached skill level 5 in Polearms
    10 | D        | Reached XP level 2. HP: 29/29 MP: 1/1
    56 | D        | Noticed an ogre
    60 | D        | Killed an ogre
    61 | D        | Reached XP level 3. HP: 40/40 MP: 2/2
    61 | D        | Reached XP level 4. HP: 48/48 MP: 3/3
    70 | D        | Noticed Sigmund
    82 | D        | Slain by Sigmund

Illustrated notes

Levels and vault maps discovered:
D:        dungeon_sprint_1 [red_sonja_temple_1, red_sonja_temple_small_1]

Skill      XL: |  1  2 |
---------------+-------+-----
Fighting       | 5 7 |  7.9
Polearms       | 5 7 |  7.5
Armour         | 3 4 |  4.2
Dodging        | 3 |  3.8
Stealth        | |  0.1

Action                   |  1- 3 |  4- 6 || total
-------------------------+-------+-------++-------
Melee: Spear             |    10 |     7 ||    17
       Headbutt          |     2 |       ||     2
Invok: Berserk           |     2 |       ||     2
Dodge: Dodged            |       |     4 ||     4

Table legend: (Time is in decaauts)
 A = Elapsed time spent in this place.
 B = Non-inter-level travel time spent in this place.
 C = Inter-level travel time spent in this place.
 D = Time resting spent in this place.
 E = Time spent auto-exploring this place.
 F = Levels seen in this place.
 G = Mean time per level.
                   A        B        C        D        E       F      G
               +--------+--------+--------+--------+--------+-----+--------+
         Total |     90 |     90 |      0 |     40 |      0 |   1 |   90.0 |
       Dungeon |     90 |     90 |      0 |     40 |      0 |   1 |   90.0 |
               +--------+--------+--------+--------+--------+-----+--------+

Top non-repeatable levels by time:
       D: 90 daAuts
